 Dungeon Crawl Stone Soup version 0.28-a0-476-g0f06bd746f (webtiles) character file.

Game seed: 246195975388421502

1353 robertstho the Chopper (level 8, -13/76 HPs)
             Began as a Tengu Berserker on Sept 16, 2021.
             Was a Priest of Trog.
             Mangled by a two-headed ogre (22 damage)
             ... on level 6 of the Dungeon.
             The game lasted 00:05:54 (4903 turns).

robertstho the Chopper (Tengu Berserker)            Turns: 4903, Time: 00:05:58

Health: -13/76     AC: 14    Str: 19    XL:     8   Next: 63%
Magic:  9/9        EV: 12    Int:  8    God:    Trog [***...]
Gold:   288        SH:  0    Dex: 14    Spells: 7/7 levels left

rFire   + . .      SeeInvis .   r - +0 war axe
rCold   x . .      Faith    .   (no shield)
rNeg    . . .      Spirit   .   m - +0 plate armour
rPois   .          Reflect  .   (helmet restricted)
rElec   .          Harm     .   o - +0 cloak
rCorr   .          Rampage  .   (no gloves)
Will    .....                   (boots unavailable)
Stlth   ..........              (no amulet)
HPRegen 0.22/turn               d - ring of fire
MPRegen 0.11/turn               q - +4 ring of evasion

@: berserking (expiring), flying quickly and evasively, very quick
A: beak, talons 3, nimble flight
a: Renounce Religion, Berserk, Trog's Hand


You were on level 6 of the Dungeon.
You worshipped Trog.
Trog was most pleased with you.
You visited 1 branch of the dungeon, and saw 6 of its levels.

You collected 288 gold pieces.

Inventory:

Hand Weapons
 r - a +0 war axe (weapon)
Armour
 m - a +0 plate armour (worn)
 o - a +0 cloak (worn)
Jewellery
 d - a ring of fire (left hand)
 q - a +4 ring of evasion (right hand)
 t - a ring of positive energy
Wands
 g - a wand of flame (7)
 n - a wand of polymorph (8)
Scrolls
 a - 2 scrolls of immolation {unknown}
 b - a scroll of identify
 c - 2 scrolls of teleportation
 i - a scroll of enchant weapon
 k - a scroll of magic mapping
 l - a scroll of blinking
Potions
 e - 2 potions of resistance
 f - 2 potions of magic {unknown}
 h - 4 potions of curing {unknown}
 j - a potion of brilliance {unknown}
 p - a potion of heal wounds
 s - a potion of mutation {unknown}
 u - a potion of degeneration {unknown}


   Skills:
 * Level 5.8 Fighting
 + Level 7.2 Axes
 * Level 7.0 Armour
 + Level 3.4 Dodging
 + Level 1.2 Stealth


You had 7 spell levels left.
You didn't know any spells.
Your spell library was empty.

Dungeon Overview and Level Annotations

Branches:
Dungeon (6/15)             Temple (0/1) D:4

Altars:

Shops:
D:1 (   D:4 (


Innate Abilities, Weirdness & Mutations

You have a beak for a mouth.
You have claws for feet.
Your magical nature lets you fly swiftly and evasively.


Message History

The water moccasin barely misses you.
You slice the water moccasin!!
The water moccasin is almost dead.
The water moccasin bites you but does no damage.
You miss the water moccasin. Your kick misses the water moccasin.
You peck the water moccasin.
You kill the water moccasin!
Trog accepts your kill.
You closely miss the hound. The hound closely misses you.
Your Axes skill increases to level 7!
Your Armour skill increases to level 7!
You slash the hound!
The hound is severely wounded.
The hound bites you but does no damage.
The hound stops to sniff the ground.
The hound bites you.
You completely miss the hound. You claw the hound.
The hound is almost dead.
Your plate armour prevents you from hitting the two-headed ogre.
The two-headed ogre hits you with a +0 giant spiked club.
The two-headed ogre barely misses you.
You slash the hound!
You kill the hound!
Trog accepts your kill.
You hit the two-headed ogre. You slash the two-headed ogre!
You claw the two-headed ogre!
The two-headed ogre is heavily wounded.
You hit the hound. The hound bites you.
The two-headed ogre hits you with a +0 giant spiked club!
The two-headed ogre hits you with a +0 giant spiked club!!
You are too injured to fight recklessly!
You are too injured to fight recklessly!
You are too injured to fight recklessly!
You slice the two-headed ogre!! Your kick misses the two-headed ogre.
Your peck misses the two-headed ogre.
The two-headed ogre is severely wounded.
You slash the hound! The hound closely misses you.
The two-headed ogre hits you with a +0 giant spiked club!
* * * LOW HITPOINT WARNING * * *
The two-headed ogre hits you with a +0 giant spiked club!!
You die...

.. ######...#####
##.##.............
.......#.#..######
#......#...).##
####.....###..#
##..#..####..# #
######...#>........
#...##......#....#######
#...O@.####.##.#
#..nh.## #.##.#
......##. ..##.# ......
.# #####.# ..... ## ...
..... #.# .#.. ... ...
.## .


You could see a two-headed ogre, a necrophage and a hound.

Vanquished Creatures
  Duvessa (D:4)
  A water moccasin (D:6)
  A necrophage (D:5)
  2 ogres
  A centaur (D:5)
  A phantom (D:5)
  A water moccasin zombie (D:5)
  2 scorpions
  Dowan (D:4)
  3 hounds
  3 bullfrog skeletons
  Crazy Yiuf (D:2)
  2 iguanas (D:5)
  Ijyb (D:5)
  Natasha (thrice) (D:2)
  A hound skeleton (D:5)
  A howler monkey zombie (D:5)
  6 adders
  4 worms
  2 dart slugs (D:1)
  9 ball pythons
  5 endoplasms
  4 giant cockroaches
  8 goblins
  8 hobgoblins
  6 kobolds
  4 quokkas
  6 bats
  4 frilled lizards
  7 rats
99 creatures vanquished.

Notes
Turn   | Place    | Note
-------+----------+-------------------------------------------
     0 | D:1      | robertstho the Tengu Berserker began the quest for the Orb.
     0 | D:1      | Reached XP level 1. HP: 14/14 MP: 2/2
   372 | D:1      | Reached XP level 2. HP: 14/19 MP: 3/3
   690 | D:1      | Found Aseezeto's Antique Weapon Emporium.
  1003 | D:1      | Reached XP level 3. HP: 24/24 MP: 4/4
  1024 | D:1      | Reached ** piety under Trog
  1427 | D:2      | Noticed Natasha
  1433 | D:2      | HP: 1/36 [white imp/puff of frost[Natasha] (12)]
  1435 | D:2      | Killed Natasha
  1436 | D:2      | Reached XP level 4. HP: 1/29 MP: 5/5
  1828 | D:2      | Noticed Natasha
  1835 | D:2      | Killed Natasha
  1975 | D:2      | Found a runed translucent door.
  1976 | D:2      | Noticed Crazy Yiuf
  2054 | D:2      | Noticed Natasha
  2060 | D:2      | Killed Natasha
  2061 | D:2      | Reached skill level 1 in Stealth
  2061 | D:2      | Gained mutation: Your magical nature lets you fly swiftly
                  | and evasively. [Tengu growth]
  2061 | D:2      | Reached XP level 5. HP: 32/33 MP: 6/6
  2558 | D:2      | Killed Crazy Yiuf
  2653 | D:3      | Found a faded altar of an unknown god.
  3293 | D:4      | Noticed Duvessa
  3293 | D:4      | Noticed Dowan
  3301 | D:4      | Killed Dowan
  3302 | D:4      | Reached XP level 6. HP: 36/38 MP: 7/7
  3305 | D:4      | Killed Duvessa
  3306 | D:4      | Reached skill level 5 in Axes
  3469 | D:4      | Found a staircase to the Ecumenical Temple.
  3654 | D:4      | Found Wukag's Antique Weapon Shop.
  3686 | D:4      | Reached skill level 5 in Armour
  3686 | D:4      | Reached XP level 7. HP: 44/44 MP: 8/8
  4058 | D:5      | Entered Level 5 of the Dungeon
  4194 | D:5      | Reached *** piety under Trog
  4218 | D:5      | Reached skill level 5 in Fighting
  4218 | D:5      | Reached XP level 8. HP: 25/49 MP: 9/9
  4425 | D:5      | Noticed Ijyb
  4435 | D:5      | Killed Ijyb
  4893 | D:6      | Noticed a two-headed ogre
  4903 | D:6      | Mangled by a two-headed ogre

Illustrated notes

Levels and vault maps discovered:
D:1:      psy_arrival_conway, layout_loops_cross, serial_shops,
          nicolae_square_shop, chequers_serial_rivers_marsh
D:2:      layout_basic, serial_corexii_hall, chequers_hall_statues_wall_a,
          chequers_hall_statues_corner_a, corexii_hall_statues_t,
          chequers_hall_statues_y, uniq_natasha, uniq_crazy_yiuf_cottage
D:3:      layout_basic, basic_ecumenical_altar
D:4:      layout_basic, temple_statues, serial_shops,
          nicolae_shop_temple_entry_statues_fountains, uniq_duvessa
D:5:      layout_basic, uniq_ijyb
D:6:      layout_rooms, uniq_prince_ribbit1, uniq_sigmund

Skill      XL: |  1  2  3  4  5  6  7  8 |
---------------+-------------------------+-----
Fighting       | 4 5 |  5.8
Axes           | 4 5 6 7 |  7.2
Dodging        | 3 |  3.4
Stealth        | 1 |  1.2
Armour         | 4 5 6 7 |  7.0

Action                   |  1- 3 |  4- 6 |  7- 9 || total
-------------------------+-------+-------+-------++-------
Melee: Hand axe          |    65 |    93 |       ||   158
       Kick              |    19 |    30 |    26 ||    75
       Peck              |     4 |    14 |    13 ||    31
       War axe           |       |     9 |    87 ||    96
Invok: Berserk           |     1 |     5 |     2 ||     8
  Use: Scroll            |     2 |     6 |       ||     8
Armor: Animal skin       |     4 |       |       ||     4
       Chain mail        |    12 |     7 |       ||    19
       Plate armour      |       |    38 |    47 ||    85
Dodge: Dodged            |    41 |    36 |    63 ||   140

Table legend: (Time is in decaauts)
 A = Elapsed time spent in this place.
 B = Non-inter-level travel time spent in this place.
 C = Inter-level travel time spent in this place.
 D = Time resting spent in this place.
 E = Time spent auto-exploring this place.
 F = Levels seen in this place.
 G = Mean time per level.
                   A        B        C        D        E       F      G
               +--------+--------+--------+--------+--------+-----+--------+
         Total |   4843 |   4627 |    216 |    686 |   3241 |   6 |  807.2 |
       Dungeon |   4843 |   4627 |    216 |    686 |   3241 |   6 |  807.2 |
               +--------+--------+--------+--------+--------+-----+--------+

Top non-repeatable levels by time:
     D:1: 1786 daAuts
     D:2: 832 daAuts
     D:5: 762 daAuts
     D:4: 735 daAuts
     D:3: 664 daAuts
     D:6: 63 daAuts
